 Dungeon Crawl Stone Soup version 0.30-a0-234-g97d66968fd (webtiles) character file.

Game seed: 1437633566202124485

667 Ijustatesigmund the Trooper (level 7, -3/72 HPs)
             Began as a Gargoyle Fighter on Oct 10, 2022.
             Slain by a killer bee (8 damage)
             ... on level 6 of the Dungeon.
             The game lasted 00:06:39 (3492 turns).

Ijustatesigmund the Trooper (Gargoyle Fighter)      Turns: 3492, Time: 00:06:39

Health: -3/72      AC: 12    Str: 22    XL:     7   Next: 57%
Magic:  7/7        EV:  9    Int:  8    God:
Gold:   226        SH:  4    Dex:  9    Spells: 6/6 levels left

rFire   . . .      SeeInvis .    a - +1 flail
rCold   . . .      Faith    .    c - +0 buckler
rNeg    + . .      Spirit   .    b - +0 scale mail
rPois   ∞          Reflect  .    e - +0 helmet
rElec   +          Harm     .    (no cloak)
rCorr   .          Rampage  .    (no gloves)
Will    .....                    (no boots)
Stlth   ..........               (no amulet)
HPRegen 0.32/turn                (no ring)
MPRegen 0.10/turn                (no ring)

@: berserking, very quick
A: sickness immunity, AC +4, negative energy resistance 1, electricity
resistance, torment resistance 1, petrification resistance
a: no special abilities


You were on level 6 of the Dungeon.
You visited 2 branches of the dungeon, and saw 7 of its levels.

You collected 226 gold pieces.

Inventory:

Hand Weapons
 a - a +1 flail (weapon)
Missiles
 h - 6 silver javelins (quivered)
Armour
 b - a +0 scale mail (worn)
 c - a +0 buckler (worn)
 e - a +0 helmet (worn)
Wands
 n - a wand of charming (1)
Scrolls
 f - a scroll of identify
Potions
 d - a potion of might
 g - a potion of brilliance
 k - a potion of mutation
 m - a potion of attraction
 p - a potion of magic


   Skills:
 + Level 7.0 Fighting
 + Level 6.0 Maces & Flails
 - Level 3.2 Armour
 - Level 3.2 Shields


You had 6 spell levels left.
You didn't know any spells.
Your spell library contained the following spells:

 Spells                   Type           Power      Damage    Failure   Level
 Apportation              Tloc           0%         N/A       83%         1
 Sting                    Tmut/Pois      0%         1d3       83%         1
 Poisonous Vapours        Pois/Air       0%         N/A       92%         2
 Call Canine Familiar     Summ           0%         N/A       99%         3
 Portal Projectile        Hex/Tloc       0%         N/A       99%         3
 Leda's Liquefaction      Hex/Erth       0%         N/A       100%        4
 Olgreb's Toxic Radiance  Pois           0%         N/A       100%        4
 Alistair's Intoxication  Tmut/Pois      0%         N/A       100%        5
 Conjure Ball Lightning   Conj/Air       0%         3x3d6     100%        6
 Discord                  Hex            0%         N/A       100%        8
 Disjunction              Tloc           0%         N/A       100%        8


Dungeon Overview and Level Annotations

Branches:
Dungeon (5/15)             Temple (1/1) D:4

Altars:
Cheibriados
Dithmenos
Elyvilon
Fedhas
Hepliaklqana
Kikubaaqudgha
Nemelex Xobeh
Okawaru
Qazlal
Ru
Trog
Vehumet
Wu Jian
Xom
Yredelemnul
Zin
The Shining One

Shops:
D:2 =


Innate Abilities, Weirdness & Mutations

You are immune to sickness and miasma.
Your stone body is resilient. (AC +4)
You are immune to poison.
You resist negative energy. (rN+)
You are resistant to electric shocks. (rElec)
You are resistant to unholy torment.
You are immune to petrification.


Message History

Your Fighting skill increases to level 7!
Your Maces & Flails skill increases to level 6!
You sock the killer bee!
The killer bee is heavily wounded.
The killer bee stings you but does no damage.
You block the killer bee's attack.
You miss the killer bee.
The killer bee is heavily wounded.
The killer bee closely misses you.
The killer bee stings you but does no damage. x2
You hit the killer bee.
The killer bee is almost dead.
The killer bee stings you.
* * * LOW HITPOINT WARNING * * *
You block the killer bee's attack.
You miss the killer bee.
The killer bee is almost dead.
The killer bee closely misses you. You block the killer bee's attack.
You closely miss the killer bee.
The killer bee is almost dead.
The killer bee barely misses you.
The killer bee stings you but does no damage.
You miss the killer bee.
The killer bee is almost dead.
The killer bee stings you.
* * * LOW HITPOINT WARNING * * *
The killer bee barely misses you. x2
You miss the killer bee.
The killer bee is almost dead.
You hear the rusting of a very distant drain.
The killer bee stings you.
* * * LOW HITPOINT WARNING * * *
The killer bee stings you.
* * * LOW HITPOINT WARNING * * *
You feel better. You block the killer bee's attack. The killer bee stings you!
* * * LOW HITPOINT WARNING * * *
A red film seems to cover your vision as you go berserk!
You feel yourself moving faster!
You feel mighty! The killer bee closely misses you. The killer bee stings you!
You die...

# ## #. .##... #.##
#...### ... †...... ..#
###.### #.# # #.# ## #
#. #.###...## # #. #.
#.@yy....# # #.
#.###.###..?<. # #.####
#.....# #(#
###..........##.#
.....# ####.##.#
####.##### #.##.#
.......[.# #.##.#
####.###.###.##.######.
.(.#.##................


You could see 2 killer bees.

Vanquished Creatures
  A water moccasin (D:6)
  A scorpion (D:6)
  4 killer bees (D:6)
  An orc priest (D:3)
  5 hounds
  Robin (D:3)
  6 adders
  A worm (D:2)
  A dart slug (D:1)
  3 orcs
  7 ball pythons
  4 endoplasms
  2 giant cockroaches
  18 goblins
  11 hobgoblins
  4 jackals (D:2)
  6 kobolds
  5 quokkas
  6 bats
  8 frilled lizards
  5 rats
100 creatures vanquished.

Notes
Turn   | Place    | Note
-------+----------+-------------------------------------------
     0 | D:1      | Ijustatesigmund the Gargoyle Fighter began the quest for
                  | the Orb.
     0 | D:1      | Reached XP level 1. HP: 14/14 MP: 1/1
    80 | D:1      | Reached XP level 2. HP: 16/19 MP: 2/2
   716 | D:2      | Reached XP level 3. HP: 24/24 MP: 3/3
   763 | D:2      | Reached skill level 4 in Fighting
   812 | D:2      | You fall into a shaft and drop 2 floors!
   917 | D:4      | Found a staircase to the Ecumenical Temple.
   928 | Temple   | Entered the Ecumenical Temple
   999 | D:4      | Reached XP level 4. HP: 20/30 MP: 4/4
  1256 | D:3      | Noticed Robin
  1290 | D:3      | Killed Robin
  1515 | D:2      | Found Gokeut's Jewellery Shop.
  1539 | D:2      | Identified the +1 leather armour of Tartarus {Int+2}
  1639 | D:2      | Found a sparkling altar of Nemelex Xobeh.
  1940 | D:2      | Reached XP level 5. HP: 34/34 MP: 5/5
  2060 | D:3      | Reached skill level 5 in Fighting
  2752 | D:4      | Reached XP level 6. HP: 35/40 MP: 6/6
  3279 | D:5      | Entered Level 5 of the Dungeon
  3286 | D:5      | Noticed an ice beast
  3296 | D:5      | Noticed a black bear
  3298 | D:5      | You fall into a shaft and drop 1 floor!
  3383 | D:6      | Noticed a water moccasin
  3389 | D:6      | Killed a water moccasin
  3390 | D:6      | Reached skill level 6 in Fighting
  3390 | D:6      | Reached skill level 5 in Maces & Flails
  3390 | D:6      | Reached XP level 7. HP: 47/47 MP: 7/7
  3484 | D:6      | Reached skill level 7 in Fighting
  3490 | D:6      | HP: 2/48 [killer bee (1)]
  3492 | D:6      | Slain by a killer bee

Illustrated notes

Levels and vault maps discovered:
D:1:      lightli_iron_boxes, layout_basic
D:2:      layout_basic, serial_shops, shop, basic_altar, minmay_tetromino_o4
D:3:      layout_loops_ring, serial_glass, glass_columns_a, glass_columns_b,
          glass_columns_c, glass_columns_a, grunt_ministairs_3,
          minmay_misc_feat_columns, minmay_misc_feat_enclosed,
          chequers_hall_statues_y, chequers_serial_rivers_micro_d,
          kennysheep_another_room, corexii_hall_statues_i, uniq_robin
D:4:      layout_cave_pods, minmay_temple_entry_sparse_star
D:5:      layout_gridville
D:6:      layout_loops_ring, cheibrodos_sewer_entry_bend,
          kennysheep_generic_room_15
Temple:   sentei_temple_godly_chess

Skill      XL: |  1  2  3  4  5  6  7 |
---------------+----------------------+-----
Fighting       | 4 5 6 7 |  7.0
Maces & Flails | 3 4 5 6 |  6.0
Armour         | |  3.2
Shields        | |  3.2

Action                   |  1- 3 |  4- 6 |  7- 9 || total
-------------------------+-------+-------+-------++-------
Melee: Flail             |   100 |   213 |    56 ||   369
  Use: Potion            |       |     1 |     2 ||     3
       Scroll            |       |    13 |       ||    13
 Stab: Distracted        |       |     1 |       ||     1
Armor: Scale mail        |    60 |   178 |    35 ||   273
Dodge: Dodged            |    56 |   123 |    46 ||   225
Block: Buckler           |    22 |    50 |    12 ||    84

Table legend: (Time is in decaauts)
 A = Elapsed time spent in this place.
 B = Non-inter-level travel time spent in this place.
 C = Inter-level travel time spent in this place.
 D = Time resting spent in this place.
 E = Time spent auto-exploring this place.
 F = Levels seen in this place.
 G = Mean time per level.
                   A        B        C        D        E       F      G
               +--------+--------+--------+--------+--------+-----+--------+
         Total |   3583 |   3451 |    132 |    264 |   2436 |   7 |  511.9 |
       Dungeon |   3575 |   3447 |    128 |    264 |   2434 |   6 |  595.8 |
        Temple |      7 |      3 |      4 |      0 |      2 |   1 |    7.0 |
               +--------+--------+--------+--------+--------+-----+--------+

Top non-repeatable levels by time:
     D:4: 1080 daAuts
     D:3: 865 daAuts
     D:1: 725 daAuts
     D:2: 679 daAuts
     D:6: 202 daAuts
     D:5: 21 daAuts
  Temple: 7 daAuts
